 Seeded DCSS version 0.30.1-9-gdf580d7c3d (webtiles) character file.

Game seed: 12433357809668474594 (custom seed)

3 Psyclone the Conjurer (level 1, 10/10 HPs)
             Began as a Deep Elf Conjurer on Oct 2, 2023.
             Quit the game on level 1 of the Dungeon.
             The game lasted 00:01:09 (247 turns).

Psyclone the Conjurer (Deep Elf Conjurer)            Turns: 247, Time: 00:01:10

Health: 10/10      AC:  2    Str:  4    XL:     1   Next: 41%
Magic:  0/6        EV: 12    Int: 22    God:
Gold:   0          SH:  0    Dex: 13    Spells: 5/6 levels left

rFire   . . .        (no weapon)
rCold   . . .        (no shield)
rNeg    . . .        a - +0 robe
rPois   .            (no helmet)
rElec   .            (no cloak)
rCorr   .            (no gloves)
SInv    .            (no boots)
Will    .....        (no amulet)
Stlth   ++           (no ring)
HPRegen 0.21/turn    (no ring)
MPRegen 0.10/turn

%: no passive effects
@: no status effects
A: no striking features
a: no special abilities


You were on level 1 of the Dungeon.
You visited 1 branch of the dungeon, and saw 1 of its levels.

Inventory:

Hand Weapons
 c - the +3 Elemental Staff {rElec rF+ rC+ AC+3}
   (You acquired it on level 1 of the Dungeon)

   It enhances your fire, ice, earth and air magic.
   AC:        It affects your AC (+3).
   rF:        It protects you from fire.
   rC:        It protects you from cold.
   rElec:     It insulates you from electricity.
Armour
 a - a +0 robe (worn)
Scrolls
 d - a scroll of fog {unknown}
 e - a scroll of acquirement
Potions
 b - a potion of magic


   Skills:
 + Level 2.5 Dodging
 + Level 2.5 Stealth
 + Level 3.1 Spellcasting
 + Level 4.4 Conjurations


You had 5 spell levels left.
You knew the following spells:

 Your Spells              Type           Power      Damage    Failure   Level
a - Magic Dart            Conj           88%        1d7       1%          1

Your spell library contained the following spells:

 Spells                   Type           Power      Damage    Failure   Level
 Searing Ray              Conj           44%        2d6       3%          2
 Dazzling Flash           Conj/Hex       26%        N/A       14%         3
 Fulminant Prism          Conj/Hex       6%         3d7       43%         4
 Iskenderun's Mystic Bla  Conj/Tloc      13%        2d5       43%         4


Dungeon Overview and Level Annotations

Branches:
Dungeon (1/15) Zot: 5753

Altars:


Message History

Confirm with . or Enter, or press ? or * to list all spells.
Aiming: Magic Dart (safe; 1% risk of failure)
Press: ? - help, Shift-Dir - straight line, f/p - dart slug
Aim: a dart slug (almost dead, 100% to hit)
The magic dart hits the dart slug.
You kill the dart slug!
You now have 1/6 mp.
Found a scroll of acquirement.
A rat comes into view.
Casting: Magic Dart (safe; 1% risk of failure)
Confirm with . or Enter, or press ? or * to list all spells.
Aiming: Magic Dart (safe; 1% risk of failure)
Press: ? - help, Shift-Dir - straight line, f - rat
Aim: a rat (asleep, 100% to hit)
You miscast Magic Dart.
You are very lightly contaminated with residual magic.
Nothing appears to happen.
You now have 1/6 mp.
Casting: Magic Dart (safe; 1% risk of failure)
Confirm with . or Enter, or press ? or * to list all spells.
Aiming: Magic Dart (safe; 1% risk of failure)
Press: ? - help, Shift-Dir - straight line, f/p - rat
Aim: a rat (asleep, 100% to hit)
The magic dart hits the rat.
You kill the rat!
You now have 0/6 mp.
A giant cockroach comes into view.
Casting: Magic Dart (safe; 1% risk of failure)
Confirm with . or Enter, or press ? or * to list all spells.
You don't have enough magic to cast this spell.
Unknown command.
Casting: Magic Dart (safe; 1% risk of failure)
Confirm with . or Enter, or press ? or * to list all spells.
You don't have enough magic to cast this spell.
Unknown command.
Your magical contamination has completely faded away.
You see here a scroll of acquirement.
e - a scroll of acquirement
Okay, then.
Are you sure you want to abandon this character and quit the game? (Confirm with "yes".)

#######..##.# .# #
#...........##.##..
#...............†..
#..................
..########.........
. #.........#.##.
.....B....#
#.........#
#........@#
#...........#
#........#..#
#........##...
.######## ####


You could see a giant cockroach (asleep).

Vanquished Creatures
  A dart slug (D:1)
  A rat (D:1)
2 creatures vanquished.

Notes
Turn   | Place    | Note
-------+----------+-------------------------------------------
     0 | D:1      | Psyclone the Deep Elf Conjurer began the quest for the Orb.
     0 | D:1      | Reached XP level 1. HP: 10/10 MP: 6/6
   183 | D:1      | Identified a scroll of acquirement
   183 | D:1      | Acquired the +3 Elemental Staff {rElec rF+ rC+ AC+3}
   183 | D:1      | Found the +3 Elemental Staff {rElec rF+ rC+ AC+3}
   247 | D:1      | Quit the game

Illustrated notes

Levels and vault maps discovered:
D:1:      lightli_iron_boxes, layout_basic, grunt_decor_clamped,
          nicolae_wormholes

Action                     || total
---------------------------++-------
   Cast: Magic Dart        ||     6
    Use: Scroll            ||     1
